Map: 紫晶浪漫-天梯版

Players

TIME (Oliveira) - Winner!

  • Race: Terran Terran
  • League: Grandmaster

cyan

  • Race: Protoss Protoss
  • League: Master

Event: DreamHack SC2 Masters 2021 Fall

VOD

Have the link to the VOD?

Description

Time

  • Played on: Aug. 4, 2021, 9:08 a.m.
  • Length: 12:07

All games in this series

Show
View Real Time Build Order
Export as new Build Order

TIME Terran - Winner!

Build Orders:  

Get SALT Encoding   

  12  0:00  SCV  
  13  0:12  SCV  
  14  0:17  Supply Depot  
  14  0:24  SCV  
  15  0:39  SCV  
  15  0:40  Barracks  
  16  0:46  Refinery  
  16  0:51  SCV  
  17  1:03  SCV  
  18  1:15  SCV  
  19  1:27  Marine, Orbital Command  
  20  1:46  Barracks Reactor  
  20  1:47  Command Center  
  20  1:54  SCV  
  21  1:55  Supply Depot  
  21  2:06  SCV  
  22  2:09  Factory  
  22  2:18  SCV  
  23  2:23  Marine x2, Refinery  
  25  2:30  SCV  
  26  2:40  Marine  
  26  2:41  Marine  
  26  2:42  SCV  
  29  2:53  Widow Mine, Starport  
  31  2:58  Marine x2  
  31  2:59  SCV  
  31  3:03  Orbital Command  
  34  3:11  SCV  
  35  3:16  Marine x2  
  35  3:17  Widow Mine  
  39  3:23  SCV  
  39  3:27  Supply Depot  
  40  3:29  SCV, Medivac  
  43  3:37  SCV  
  43  3:38  Widow Mine  
  46  3:48  Marine x2, SCV  
  46  3:49  Supply Depot  
  46  3:50  Barracks  
  46  3:51  SCV  
  50  4:00  SCV  
  50  4:02  Bunker  
  51  4:04  SCV  
  51  4:07  Factory Tech Lab, Starport Tech Lab  
  51  4:10  Marine  
  51  4:12  SCV  
  51  4:16  SCV  
  54  4:20  Supply Depot  
  54  4:24  Engineering Bay  
  54  4:25  SCV  
  54  4:27  Siege Tank  
  54  4:28  SCV  
  59  4:36  Marine  
  59  4:38  SCV  
  61  4:43  SCV, Barracks  
  62  4:46  Marine, Refinery  
  62  4:47  Supply Depot  
  62  4:49  Marine  
  62  4:50  Stimpack  
  62  4:52  SCV  
  65  4:55  Marine, Terran Infantry Weapons Level 1  
  65  4:59  SCV  
  67  5:02  Supply Depot  
  67  5:03  Marine  
  68  5:10  Factory Reactor, Starport Reactor  
  68  5:11  Marine  
  68  5:12  SCV  
  68  5:13  SCV  
  71  5:14  Marine  
  72  5:21  Marine  
  72  5:24  SCV  
  72  5:25  SCV  
  75  5:28  Supply Depot  
  75  5:29  Marine  
  75  5:32  Marine  
  77  5:36  SCV  
  77  5:37  Refinery, SCV  
  77  5:39  Marine, Supply Depot, Combat Shield  
  77  5:40  Marine  
  81  5:46  Marine  
  81  5:48  Widow Mine x2  
  86  5:50  Marine, Medivac x2  
  86  5:57  Marine, Supply Depot  
  91  5:59  Marine  
  91  6:00  SCV x2  
  95  6:04  Supply Depot  
  95  6:09  Marine  
  95  6:10  Marauder  
  98  6:14  Missile Turret  
  98  6:17  Missile Turret  
  102  6:18  Widow Mine x2  
  102  6:21  Marine, Medivac, Marauder  
  107  6:30  Medivac  
  109  6:34  Marine, Marauder  
  112  6:40  SCV  
  112  6:45  Supply Depot  
  112  6:50  Marine  
  112  6:51  Marauder  
  112  6:52  Marine  
  112  6:54  Command Center  
  115  6:55  Widow Mine  
  117  7:07  Widow Mine, Medivac  
  121  7:11  Marine  
  121  7:12  Marine x2, Supply Depot  
  121  7:13  Supply Depot, Marauder  
  125  7:19  Liberator  
  121  7:24  Orbital Command  
  121  7:29  Marine, Widow Mine  
  114  7:30  Marine  
  114  7:31  Marauder  
  104  7:41  Marine  
  101  7:46  Marine  
  101  7:47  SCV  
  85  7:52  Marauder  
  85  7:56  Marine  
  86  7:59  Marine, SCV x2  
  86  8:05  Marine  
  90  8:11  SCV  
  92  8:13  Marine  
  92  8:14  Orbital Command  
  92  8:15  SCV  
  92  8:19  Marine  
  94  8:21  Marine  
  94  8:23  SCV  
  96  8:27  Concussive Shells  
  96  8:28  Marine  
  96  8:30  SCV  
  96  8:31  Marauder  
  100  8:37  Marine, SCV  
  100  8:40  SCV, Marauder  
  105  8:44  Terran Infantry Armor Level 1  
  105  8:46  Marine  
  105  8:47  SCV  
  107  8:50  SCV  
  107  8:51  Widow Mine x2  
  107  8:52  Marine  
  107  8:53  Medivac x2  
  107  8:54  SCV  
  118  8:59  SCV  
  118  9:01  Marine x2  
  100  9:09  Marine  
  86  9:10  Marauder  
  81  9:18  Marine  
  81  9:19  Marauder  
  81  9:23  Widow Mine, Hellion  
  72  9:27  Marine  
  72  9:29  Orbital Command  
  72  9:30  Orbital Command  
  59  9:31  Marine  
  59  9:34  Liberator x2  
  59  9:36  Marine  
  58  9:41  Marauder  
  58  9:44  Widow Mine  
  58  9:45  Marine  
  61  9:50  Marauder  
  63  9:54  Marine  
  63  9:58  Orbital Command  
  63  9:59  SCV x2  
  66  10:02  Marine, Marauder  
  69  10:10  Marine  
  55  10:17  Marine  
  52  10:21  Marine  
  52  10:24  SCV, Widow Mine  
  52  10:28  Marine  
  56  10:30  SCV  
  56  10:34  Marine  
  58  10:36  SCV  
  59  10:43  Marine  
  59  10:46  Marauder  
  59  10:47  SCV  
  59  10:49  Marine, SCV  
  65  10:55  SCV  
  66  10:59  SCV  
  66  11:03  Marine x2  
  67  11:07  Marauder  
  67  11:14  Marine  
  68  11:21  Marine x2  
  68  11:24  SCV, Widow Mine x2  
  76  11:25  SCV  
  76  11:29  Marauder  
  76  11:32  Marine  
  79  11:38  SCV  
  79  11:39  Marine  
  83  11:40  Marauder  
  83  11:46  Widow Mine  
  83  11:50  SCV x2  
Show
View Real Time Build Order
Export as new Build Order

cyan Protoss 

Build Orders: 1 Gate Expand, Oracle Opening 

Get SALT Encoding   

  12  0:00  Probe  
  13  0:12  Probe  
  14  0:18  Pylon  
  14  0:24  Probe (Chrono Boost)  
  15  0:37  Gateway, Probe (Chrono Boost)  
  16  0:45  Probe (Chrono Boost)  
  16  0:47  Assimilator  
  17  0:51  Probe  
  18  1:03  Probe  
  19  1:15  Probe  
  20  1:23  Nexus  
  20  1:32  Cybernetics Core  
  20  1:36  Probe  
  21  1:41  Assimilator  
  21  1:48  Probe  
  21  1:50  Pylon  
  22  2:00  Probe (Chrono Boost)  
  23  2:06  Adept (Chrono Boost)  
  23  2:12  Probe (Chrono Boost)  
  26  2:19  Stargate  
  26  2:20  Probe (Chrono Boost)  
  27  2:28  Probe (Chrono Boost), Warp Gate  
  28  2:35  Probe (Chrono Boost)  
  29  2:42  Adept  
  33  2:44  Probe x2 (Chrono Boost)  
  33  2:50  Probe  
  33  2:51  Probe  
  35  3:01  Oracle (Chrono Boost)  
  35  3:02  Probe  
  35  3:03  Probe  
  40  3:10  Pylon  
  40  3:14  Probe  
  40  3:15  Probe  
  40  3:16  Adept  
  44  3:21  Gateway  
  44  3:26  Probe  
  45  3:27  Gateway  
  45  3:29  Probe  
  45  3:34  Pylon  
  46  3:35  Oracle (Chrono Boost)  
  46  3:40  Probe  
  50  3:47  Probe  
  51  3:48  Pylon  
  51  3:52  Probe  
  52  3:59  Probe  
  53  4:06  Probe  
  51  4:12  Nexus  
  51  4:16  Pylon  
  51  4:21  Adept x2  
  51  4:22  Adept  
  57  4:25  Assimilator, Probe x2  
  59  4:38  Probe  
  60  4:43  Adept x3  
  60  4:44  Probe  
  67  4:47  Assimilator  
  67  4:48  Twilight Council  
  67  4:49  Pylon  
  67  4:50  Probe  
  68  4:58  Probe  
  69  5:00  Forge  
  69  5:02  Probe  
  70  5:10  Resonating Glaives (Chrono Boost), Probe  
  71  5:14  Probe  
  71  5:20  Gateway  
  72  5:22  Gateway, Probe  
  72  5:23  Gateway  
  72  5:26  Probe  
  72  5:28  Probe  
  75  5:34  Probe  
  76  5:36  Gateway  
  76  5:37  Gateway  
  76  5:39  Probe  
  76  5:41  Probe  
  78  5:43  Pylon  
  78  5:46  Adept  
  80  5:50  Adept x2  
  80  5:51  Protoss Ground Weapons Level 1 (Chrono Boost)  
  80  5:55  Gateway  
  80  5:57  Probe  
  85  6:01  Robotics Facility  
  85  6:14  Nexus  
  85  6:16  Pylon  
  85  6:21  Adept x4  
  85  6:24  Photon Cannon  
  93  6:27  Shield Battery  
  93  6:30  Pylon, Adept x2  
  95  6:33  Adept  
  95  6:39  Adept  
  99  6:45  Adept  
  99  6:46  Pylon  
  99  6:47  Pylon x2  
  99  6:48  Pylon  
  97  6:54  Stalker x3  
  97  6:58  Stalker  
  105  7:11  Adept x3  
  99  7:23  Adept x6  
  101  7:32  Adept  
  101  7:33  Adept  
  97  7:41  Adept x3  
  84  7:47  Adept  
  84  7:48  Adept  
  72  7:52  Adept x2  
  72  8:10  Adept x2  
  72  8:11  Adept x3  
  82  8:20  Adept x2  
  82  8:22  Probe  
  82  8:23  Probe  
  82  8:24  Probe  
  89  8:31  Stalker  
  89  8:32  Stalker  
  93  8:35  Probe x2  
  93  8:37  Stalker  
  93  8:39  Probe  
  98  8:47  Pylon, Probe x2  
  100  8:52  Adept x2  
  100  8:54  Probe  
  87  9:03  Adept  
  87  9:04  Adept x3  
  83  9:12  Stalker  
  83  9:16  Stalker  
  81  9:20  Adept x3  
  87  9:27  Stalker  
  87  9:29  Probe  
  86  9:38  Adept x3  
  84  9:51  Adept x5  
  88  9:59  Adept x2  
  92  10:01  Probe x2  
  92  10:02  Probe  
  93  10:13  Probe x2  
  79  10:14  Adept x2  
  79  10:15  Adept  
  71  10:26  Probe x3  
  66  10:36  Assimilator  
  66  10:40  Nexus  
  66  10:42  Adept x3  
  66  10:43  Pylon, Adept x2  
  76  10:51  Adept  
  76  10:52  Adept x2  
  70  11:05  Stalker x3  
  70  11:08  Adept x2  
  70  11:09  Adept  
  72  11:11  Adept  
  68  11:19  Adept  
  68  11:25  Shield Battery  
  70  11:28  Shield Battery  
  70  11:29  Stalker  
  72  11:39  Adept x3  
  54  11:50  Adept x2  

Tags
 
Add a new tag
Caveats
  • Supply blocks, unpowered buildings, or Contaminate may cause inaccurate times.
  • Supply counts are checked every 10 seconds.